 Dungeon Crawl Stone Soup version 0.29.1-2-gbd0b4ee654 (webtiles) character file.

Game seed: 7379955005694467372

92 whiskeysaurus the Insei (level 4, -6/29 HPs)
             Began as an Octopode Transmuter on Nov 17, 2022.
             Mangled by Grinder (10 damage)
             ... on level 3 of the Dungeon.
             The game lasted 00:07:07 (3299 turns).

whiskeysaurus the Insei (Octopode Transmuter)       Turns: 3299, Time: 00:07:08

Health: -6/29      AC:  1    Str:  8 (11) XL:     4   Next: 60%
Magic:  6/7        EV: 13    Int: 14 (15) God:
Gold:   100        SH:  0    Dex: 10 (12) Spells: 6/7 levels left

rFire   . . .      SeeInvis .     - Unarmed
rCold   . . .      Faith    .   (no shield)
rNeg    . . .      Spirit   .   (helmet restricted)
rPois   .          Reflect  .   (no amulet)
rElec   .          Harm     .   (no ring)
rCorr   .          Rampage  .   (no ring)
Will    .....                   (no ring)
Stlth   ++........              (no ring)
HPRegen 0.09/turn               (no ring)
MPRegen 0.10/turn               (no ring)
                                (no ring)
                                (no ring)

@: very slightly contaminated
A: almost no armour, amphibious, 8 rings, camouflage 1, gelatinous body 1,
(nimble swimmer 1), tentacles
a: no special abilities


You were on level 3 of the Dungeon.
You visited 1 branch of the dungeon, and saw 3 of its levels.

You collected 100 gold pieces.

Inventory:

Missiles
 i - 4 poisoned darts
 p - 3 javelins
Magical Staves
 j - a staff of conjuration
Scrolls
 c - 2 scrolls of noise
 d - a scroll of butterflies
 e - a scroll of magic mapping {unknown}
 f - a scroll of vulnerability
 g - 3 scrolls of teleportation
 l - a scroll of fear {unknown}
 m - 2 scrolls of identify
 o - a scroll of immolation {unknown}
Potions
 a - a potion of lignification
 b - a potion of degeneration
 h - a potion of heal wounds
 k - a potion of berserk rage
 n - a potion of brilliance {unknown}


   Skills:
 + Level 1.8 Fighting
 + Level 2.6 Dodging
 * Level 3.8 Unarmed Combat
 + Level 2.4 Spellcasting
 + Level 2.5 Transmutations


You had 6 spell levels left.
You knew the following spells:

 Your Spells              Type           Power      Damage    Failure   Level
a - Beastly Appendage     Tmut           16%        N/A       8%          1

Your spell library contained the following spells:

 Spells                   Type           Power      Damage    Failure   Level
 Wereblood                Tmut           8%         N/A       12%         2
 Passwall                 Tmut/Erth      4%         N/A       21%         2
 Ensorcelled Hibernation  Hex/Ice        2%         N/A       34%         2
 Spider Form              Tmut/Pois      5%         N/A       38%         3
 Gell's Gravitas          Tloc           1%         N/A       56%         3
 Swiftness                Air            1%         N/A       56%         3
 Teleport Other           Tloc           1%         N/A       56%         3
 Ice Form                 Ice/Tmut       5%         N/A       80%         4
 Dispersal                Tloc           0%         N/A       100%        6


Dungeon Overview and Level Annotations

Branches:
Dungeon (3/15)

Altars:

Annotations:
D:3 Grinder


Innate Abilities, Weirdness & Mutations

You cannot wear most types of armour.
You are amphibious.
You can wear up to eight rings at the same time.
Your skin changes colour to match your surroundings (Stealth+).
Your rubbery body absorbs attacks. (AC +1, EV +1)
((You are camouflaged when in or above water. (Stealth+)))
You have tentacles for arms and can constrict up to eight enemies at once.


Message History

Grinder gestures at you.
You barely resist.
Casting: Beastly Appendage (safe; 8% risk of failure)
Press: ? - help, Q - select action, (/) - cycle Dir - look around, f - activate
Okay, then.
Grinder says, "Wait up."
Grinder blinks!
Grinder blinks!
Sorry, you're not good enough to have a special ability.
Casting: Beastly Appendage (safe; 8% risk of failure)
Confirm with . or Enter, or press ? or * to list all spells.
You miscast Beastly Appendage.
You are very lightly contaminated with residual magic.
Nothing appears to happen.
Grinder rolls her eyes.
Grinder gestures at you. Pain shoots through your body!
You are too injured to fight recklessly!
You are too injured to fight recklessly!
You tentacle-slap Grinder. You grab Grinder.
Grinder is lightly wounded.
You constrict Grinder, but do no damage.
Grinder closely misses you.
You tentacle-slap Grinder. You squeeze Grinder, but do no damage.
Grinder is lightly wounded.
You constrict Grinder, but do no damage.
Grinder misses you.
You tentacle-slap Grinder. x2
Grinder is moderately wounded.
You constrict Grinder. Grinder misses you.
You tentacle-slap Grinder.
Grinder is moderately wounded.
You constrict Grinder. Grinder gestures at you. Pain shoots through your body!
* * * LOW HITPOINT WARNING * * *
You tentacle-slap Grinder. You squeeze Grinder, but do no damage.
Grinder is moderately wounded.
You constrict Grinder. Grinder hits you!
You die...

### ## #<# ># #.#
####### .# #.#
#.....# .# #.#
#@##.## .# #.# #5##.#
.###.###########.##.#
.....#.......§...##.#
~....#.############.#
♣♣...#.#........# #.#
~♣~~.#.#.######.# #.#
P~P~♣#.#...# #.# #.#
~~~~~~.###.# #.# #.#


You could see Grinder.

Vanquished Creatures
  Natasha (twice) (D:2)
  An adder (D:3)
  A dart slug (D:2)
  3 ball pythons
  2 endoplasms
  A giant cockroach (D:3)
  4 goblins (D:1)
  3 jackals (D:1)
  A quokka (D:1)
  4 bats
  2 frilled lizards (D:3)
  3 kobolds
  5 rats
32 creatures vanquished.

Vanquished Creatures (others)
  7 plants (D:3)
7 creatures vanquished.

Grand Total: 39 creatures vanquished

Notes
Turn   | Place    | Note
-------+----------+-------------------------------------------
     0 | D:1      | whiskeysaurus the Octopode Transmuter began the quest for
                  | the Orb.
     0 | D:1      | Reached XP level 1. HP: 13/13 MP: 3/3
   400 | D:1      | Reached XP level 2. HP: 12/18 MP: 5/5
  1306 | D:2      | Reached XP level 3. HP: 22/23 MP: 6/6
  1421 | D:2      | Found a faded altar of an unknown god.
  1449 | D:2      | Noticed Natasha
  1458 | D:2      | Killed Natasha
  1602 | D:2      | Noticed Natasha
  1698 | D:2      | Killed Natasha
  1699 | D:2      | Reached XP level 4. HP: 4/29 MP: 7/7
  2234 | D:3      | Noticed Grinder
  2243 | D:3      | Paralysed by Grinder for 2 turns
  3299 | D:3      | Mangled by Grinder

Illustrated notes

Levels and vault maps discovered:
D:1:      dpeg_arrival_oval, layout_loops_ring
D:2:      layout_basic, dreamdust_ecumenical_altar_statues,
          minmay_misc_feat_square, uniq_natasha
D:3:      layout_basic, serial_bayou_lake_a, uniq_grinder, uniq_terence

Action                   |  1- 3 |  4- 6 || total
-------------------------+-------+-------++-------
Melee: Unarmed           |    69 |    31 ||   100
       Tentacles         |    12 |     6 ||    18
       Constrict         |    16 |    10 ||    26
       Kick              |     4 |     1 ||     5
       Punch             |       |     4 ||     4
 Cast: Beastly Appendage |     1 |     1 ||     2
  Use: Potion            |     2 |       ||     2
       Scroll            |       |     5 ||     5
 Stab: Sleeping          |     4 |     2 ||     6
Armor: Skin              |     7 |     3 ||    10
Dodge: Dodged            |    39 |    13 ||    52
